 Dungeon Sprint DCSS version 0.24.0-125-gc4c63601f3 (webtiles) character file.

Game seed: 11094379933711046385, levelgen mode: deterministic

222 Ponchio the Thaumaturge (level 8, -15/41 HPs)
             Began as a Deep Elf Earth Elementalist on Mar 12, 2020.
             Was a High Priest of Vehumet.
             Demolished by a giant anaconda (20 damage)
             ... in the Dungeon (Sprint VI: "Thunderdome").
             The game lasted 00:13:33 (757 turns).

Ponchio the Thaumaturge (DEEE)                       Turns: 757, Time: 00:13:33

Health: -15/41     AC:  2    Str:  4 (5)  XL:     8   Next: 12%
Magic:  5/28       EV: 13    Int: 23      God:    Vehumet [*****.]
Gold:   500        SH:  0    Dex: 14 (15) Spells: 21/36 levels left

rFire    . . .     SeeInvis .   (no weapon)
rCold    . . .     Gourm    .   (no shield)
rNeg     . . .     Faith    .   c - +0 robe
rPois    .         Spirit   .   (no helmet)
rElec    .         Reflect  .   (no cloak)
rCorr    .         Harm     .   (no gloves)
MR       .....     NoTele   +   (no boots)
Stlth    ++........             (no amulet)
HPRegen  0.13/turn              (no ring)
MPRegen  0.21/turn              (no ring)

@: very slightly contaminated, hasted, very quick
A: deterioration 1
a: Renounce Religion


You were in the Dungeon.
You worshipped Vehumet.
Vehumet was extremely pleased with you.
You were not hungry.

You visited 1 branch You collected 500 gold pieces.

Inventory:

Missiles
 b - 16 stones (quivered)
Armour
 c - a +0 robe (worn)
Wands
 k - a wand of acid (3)
 l - a wand of iceblast (1)
Scrolls
 j - 2 scrolls of blinking
 m - 3 scrolls of fog
Potions
 a - a potion of resistance
 e - a potion of curing
 f - 4 potions of heal wounds
 g - 3 potions of haste
 i - a potion of berserk rage


   Skills:
 - Level 2.4 Dodging
 - Level 2.4 Stealth
 + Level 14.7 Spellcasting
 - Level 1.1 Transmutations
 * Level 14.4 Earth Magic


You had 21 spell levels left.
You knew the following spells:

 Your Spells              Type           Power        Failure   Level  Hunger
a - Sandblast             Erth           ######       0%          1    None
b - Passwall              Tmut/Erth      ######..     1%          2    None
c - Stone Arrow           Conj/Erth      ######       1%          3    None
d - Petrify               Tmut/Erth      ######..     1%          4    None
e - Lee's Rapid Deconstr  Erth           ######....   1%          5    ##.....

Your spell library contained the following spells:

 Spells                   Type           Power        Failure   Level  Hunger
 Dazzling Spray           Conj/Hex       ###...       3%          3    None


Dungeon Overview and Level Annotations

Branches:
Dungeon (1/1)

Altars:
Cheibriados
Dithmenos
Fedhas
Gozag
Kikubaaqudgha
Makhleb
Okawaru
Qazlal
Ru
Sif Muna
Trog
Uskayaw
Vehumet
Wu Jian
Xom
Yredelemnul
Zin
The Shining One
Beogh
Jiyva
Lugonu

Shops:
D *[%??*?*:[((!!!!


Innate Abilities, Weirdness & Mutations

Your body sometimes deteriorates upon taking damage.


Message History

As you read the scroll of blinking, it crumbles to dust.
You feel yourself speed up.
Search for what [? for help]? shop Evoke which item? (* to show all) (? for menu, Esc to quit)
Aiming: Iceblast
Press: ? - help, Shift-Dir - straight line, f - giant anaconda
Aim: a giant anaconda (severely wounded)
The mass of ice explodes!
The iceblast engulfs the giant anaconda but does no damage.
The giant anaconda is severely wounded.
Evoke which item? (* to show all) (? for menu, Esc to quit)
Aiming: Corrosive Bolt
Press: ? - help, Shift-Dir - straight line, f/p - giant anaconda
Aim: a giant anaconda (severely wounded)
The bolt of acid hits the giant anaconda!
The giant anaconda is splashed with acid.
The acid corrodes the giant anaconda!
The giant anaconda is severely wounded.
The giant anaconda misses you. The giant anaconda bites you!!
You die...

#####.8.........8.######
∩___......###......___∩##
........8.# #.8........∩###
..........###.............##
.......###...###..........⌠#
.......# #.<.# #..........⌠#
.......###...###..........⌠#
..........###...S.........##
........8.# #.8.@......∩###
∩___......###......__.∩##
#####.8.........8.######
#⌠...........⌠#
###.........### #_......._#
#_........# #........_#
#∩.......∩#


You could see a giant anaconda.

Vanquished Creatures
  6 neqoxecs (D)
  7 vampire bats (D)
  2 worker ants (D)
  6 giant cockroaches (D)
21 creatures vanquished.

Notes
Turn   | Place    | Note
-------+----------+-------------------------------------------
     0 | D        | Ponchio the Deep Elf Earth Elementalist began the quest for
                  | the Orb.
     0 | D        | Reached XP level 1. HP: 10/10 MP: 6/6
     3 | D        | Found a bloodstained altar of Trog.
     3 | D        | Found an opulent altar of Gozag.
     4 | D        | Found a glowing silver altar of Zin.
     4 | D        | Found a basalt altar of Yredelemnul.
     5 | D        | Found a viscous altar of Jiyva.
     5 | D        | Round 1.
     6 | D        | Found Fausich's Distillery.
     6 | D        | Found a glowing golden altar of the Shining One.
     6 | D        | Found a sacrificial altar of Ru.
     6 | D        | Found Aleclai's Do-It-Yourself Clinic.
     6 | D        | Noticed a worker ant
     7 | D        | Found Vicuriuq's Distillery.
     7 | D        | Found Faegym's Bottled Wisdom.
    10 | D        | Killed a worker ant
    10 | D        | Reached skill level 5 in Spellcasting
    10 | D        | Reached XP level 2. HP: 15/15 MP: 3/10
    11 | D        | Found an ancient bone altar of Kikubaaqudgha.
    12 | D        | Found Tarhuhat's Staff Store.
    13 | D        | Found a shimmering blue altar of Sif Muna.
    13 | D        | Found an ornate altar of the Wu Jian Council.
    13 | D        | Found a snail-covered altar of Cheibriados.
    13 | D        | Found Emnaso Vov's Magic Scroll Shop.
    13 | D        | Found Vesum's Must-Have Magic.
    13 | D        | Found Xojamuk's Magic Scroll Shop.
    17 | D        | Found a shadowy altar of Dithmenos.
    18 | D        | Found a blossoming altar of Fedhas.
    19 | D        | Found an iron altar of Okawaru.
    20 | D        | Found Nikolarr's Delicious Food.
    20 | D        | Found a shimmering altar of Xom.
    20 | D        | Found a burning altar of Makhleb.
    20 | D        | Found a corrupted altar of Lugonu.
    20 | D        | Found Bedy's Identification Station.
    21 | D        | Found Ilasaew's Jewellery.
    21 | D        | Found Aqyor's Advanced Armour.
    24 | D        | Found a stormy altar of Qazlal.
    25 | D        | Found a radiant altar of Vehumet.
    27 | D        | Found a hide-covered altar of Uskayaw.
    27 | D        | Found a roughly hewn altar of Beogh.
    27 | D        | Found Futrueju's Premium Goods.
    27 | D        | Found Zephexy's Weapon Rack.
    28 | D        | Found Natakhlu's Miscellaneous Merchandise.
    28 | D        | Found Teuturig's Basic Armour.
    33 | D        | Became a worshipper of Vehumet
   140 | D        | Noticed a queen ant
   150 | D        | Reached XP level 3. HP: 19/19 MP: 7/12
   154 | D        | Learned a level 2 spell: Passwall
   158 | D        | Learned a level 3 spell: Stone Arrow
   187 | D        | Arena points: 3 (+3) [x1]
   202 | D        | Round 2.
   280 | D        | Reached * piety under Vehumet
   280 | D        | Offered knowledge of Sting by Vehumet.
   312 | D        | Reached ** piety under Vehumet
   316 | D        | Arena points: 31 (+28) [x2]
   376 | D        | Round 3.
   377 | D        | Noticed a neqoxec
   381 | D        | Killed a neqoxec
   381 | D        | Reached skill level 10 in Spellcasting
   381 | D        | Reached XP level 4. HP: 24/24 MP: 13/18
   381 | D        | Reached XP level 5. HP: 28/28 MP: 13/19
   390 | D        | Learned a level 4 spell: Petrify
   396 | D        | Learned a level 5 spell: Lee's Rapid Deconstruction
   441 | D        | Noticed a neqoxec
   442 | D        | Noticed a neqoxec
   449 | D        | Killed a neqoxec
   449 | D        | Offered knowledge of Searing Ray by Vehumet.
   449 | D        | Reached XP level 6. HP: 32/32 MP: 4/22
   452 | D        | Noticed a neqoxec
   452 | D        | Killed a neqoxec
   452 | D        | Reached *** piety under Vehumet
   455 | D        | Killed a neqoxec
   455 | D        | Reached XP level 7. HP: 36/36 MP: 21/25
   465 | D        | Noticed a neqoxec
   474 | D        | Killed a neqoxec
   516 | D        | Noticed a neqoxec
   522 | D        | Gained mutation: Your body sometimes deteriorates upon
                  | taking damage. [a neqoxec]
   526 | D        | Killed a neqoxec
   526 | D        | Reached **** piety under Vehumet
   526 | D        | Arena points: 94 (+63) [x3]
   570 | D        | Round 4.
   587 | D        | Offered knowledge of Dazzling Spray by Vehumet.
   619 | D        | Reached ***** piety under Vehumet
   620 | D        | Reached XP level 8. HP: 41/41 MP: 16/28
   650 | D        | Arena points: 222 (+128) [x4]
   726 | D        | Round 5.
   744 | D        | Noticed a giant anaconda
   757 | D        | Demolished by a giant anaconda

Levels and vault maps discovered:
D:        arena_sprint

Skill      XL: |  1  2  3  4  5  6  7 |
---------------+----------------------+-----
Spellcasting   | 5 6 10 11 13 14 | 14.7
Earth Magic    | 6 7 9 11 12 14 | 14.4
Dodging        | |  2.4
Stealth        | |  2.4
Transmutations | |  1.1

Action                   |  1- 3 |  4- 6 |  7- 9 || total
-------------------------+-------+-------+-------++-------
 Cast: Sandblast         |    13 |       |     1 ||    14
       Lee's Rapid Decon |       |     6 |    16 ||    22
Evoke: Wand              |     3 |     1 |     2 ||     6
  Use: Potion            |       |     2 |     1 ||     3
       Scroll            |       |       |     2 ||     2
  Eat: Ration            |       |       |     1 ||     1
Dodge: Dodged            |       |       |     3 ||     3
